 Dungeon Crawl Stone Soup version 0.22.1-2-g9c5b331383 (webtiles) character file.

20628 Peloso the Blocker (level 12, -2/107 HPs)
             Began as a Minotaur Fighter on Jan 6, 2019.
             Killed from afar by an oklob plant (4 damage)
             ... with a splash of acid
             ... on level 2 of the Lair of Beasts.
             The game lasted 00:41:03 (14145 turns).

Peloso the Blocker (Minotaur Fighter)              Turns: 14145, Time: 00:41:04

Health: -2/107     AC:  8    Str: 28    XL:     12   Next: 47%
Magic:  11/11      EV: 10    Int:  7    God:
Gold:   789        SH: 13    Dex: 11    Spells: 11/11 levels left

rFire    + . .     SeeInvis +   o - +10 flail "Jelly's Demise" {freeze, rN+ Int+2}
rCold    + . .     Gourm    +   c - +0 shield
rNeg     + . .     Faith    .   O - +4 chain mail of the Lizard {rC+ rCorr SInv}
rPois    +         Spirit   .   Z - +2 hat
rElec    +         Reflect  .   e - +1 cloak of the Unseen Realm {rElec Str+3}
rCorr    +         Harm     .   R - +0 pair of gloves of an ossuary {rF+}
MR       .....                  G - +1 pair of boots
Stlth    ..........             Q - amulet of the gourmand
HPRegen  0.27/turn              h - ring of poison resistance
MPRegen  0.12/turn              P - ring of resist corrosion

@: corroded
A: retaliatory headbutt, horns 2
a: no special abilities


You were on level 2 of the Lair of Beasts.
You were very full.

You visited 3 branches of the dungeon, and saw 15 of its levels.
You also visited: Ossuary and Bailey.

You collected 1203 gold pieces.
You spent 414 gold pieces at shops.

Inventory:

Hand Weapons
 a - a +0 long sword
 o - the +10 flail "Jelly's Demise" (weapon) {freeze, rN+ Int+2}
   (You took it off an orc warrior on level 7 of the Dungeon)

   It has been specially enchanted to freeze those struck by it, causing extra
   injury to most foes and up to half again as much damage against particularly
   susceptible opponents.
   It can also slow down cold-blooded creatures.
   It affects your intelligence (+2).
   It protects you from negative energy.
Armour
 b - a +0 scale mail
 c - a +0 shield (worn)
 e - the +1 cloak of the Unseen Realm (worn) {rElec Str+3}
   (You found it on level 7 of the Dungeon)

   It affects your strength (+3).
   It insulates you from electricity.
 G - a +1 pair of boots (worn)
 O - the +4 chain mail of the Lizard (worn) {rC+ rCorr SInv}
   (You took it off an orc warrior on level 7 of the Dungeon)

   It protects you from cold.
   It lets you see invisible.
   It provides partial protection from all sources of acid and corrosion.
 R - the +0 pair of gloves of an ossuary (worn) {rF+}
   (You found it on level 9 of the Dungeon)

   It protects you from fire.
 Z - a +2 hat (worn)
Jewellery
 h - a ring of poison resistance (left hand)
 q - a +2 ring of intelligence
 v - an uncursed ring of ice
 y - an uncursed amulet of guardian spirit
 F - an uncursed amulet of regeneration {unknown}
 P - a ring of resist corrosion (right hand)
 Q - an amulet of the gourmand (around neck)
Scrolls
 g - 6 scrolls of teleportation
 i - 8 scrolls of remove curse
 m - 3 scrolls of magic mapping
 u - 4 scrolls of fear {unknown}
 A - 6 scrolls of blinking
 N - 2 scrolls of fog
Potions
 z - 5 potions of heal wounds
 C - 11 potions of curing
 E - 3 potions of lignification
 H - a potion of invisibility
 I - 4 potions of haste
 K - 2 potions of agility
 L - 2 potions of flight
 Y - a potion of resistance
Comestibles
 d - 3 chunks of flesh
 f - 32 rations


   Skills:
 + Level 10.5 Fighting
 + Level 11.1 Long Blades
 + Level 10.4 Maces & Flails
 + Level 11.4 Armour
 + Level 4.5 Dodging
 + Level 0.1 Stealth
 + Level 12.5 Shields
   Level 1.2 Evocations


You had 11 spell levels left.
You didn't know any spells.
Your spell library contained the following spells:

 Spells                   Type           Power        Failure   Level  Hunger
 Flame Tongue             Conj/Fire      #....        95%         1    ##.....
 Magic Dart               Conj           #...         95%         1    ##.....
 Sandblast                Erth           #.....       95%         1    ##.....
 Shock                    Conj/Air       #...         95%         1    ##.....
 Passwall                 Tmut/Erth      #.......     98%         2    ###....
 Searing Ray              Conj           #.....       98%         2    ###....
 Swiftness                Chrm/Air       #.......     98%         2    ###....
 Throw Flame              Conj/Fire      #.....       98%         2    ###....
 Conjure Flame            Conj/Fire      #.......     100%        3    ####...
 Dazzling Spray           Conj/Hex       #.....       100%        3    ####...
 Inner Flame              Hex/Fire       #.......     100%        3    ####...
 Static Discharge         Conj/Air       #.......     100%        3    ####...
 Stone Arrow              Conj/Erth      #.....       100%        3    ####...
 Airstrike                Air            #.........   100%        4    #####..
 Force Lance              Conj/Tloc      #.......     100%        4    #####..
 Fulminant Prism          Conj/Hex       #.........   100%        4    #####..
 Iskenderun's Mystic Bla  Conj           #.......     100%        4    #####..
 Petrify                  Tmut/Erth      #.......     100%        4    #####..
 Sticky Flame             Conj/Fire      #.......     100%        4    #####..
 Fireball                 Conj/Fire      #.........   100%        5    ######.
 Lee's Rapid Deconstruct  Erth           #.........   100%        5    ######.
 Lightning Bolt           Conj/Air       #.........   100%        5    ######.


Dungeon Overview and Level Annotations

Branches:
Dungeon (12/15)            Temple (1/1) D:4            Lair (2/6) D:9
  Snake (0/4) Lair:2          Orc (0/2) D:12
  Swamp: Lair:2-4    Shoals: Lair:2-4

Altars:
Ashenzari
Cheibriados
Dithmenos
Elyvilon
Fedhas
Gozag
Hepliaklqana
Kikubaaqudgha
Makhleb
Nemelex Xobeh
Qazlal
Ru
Sif Muna
Trog
Uskayaw
Vehumet
Wu Jian
Xom
Yredelemnul
Zin
Beogh

Shops:
D:8 ?   D:11 ?

Annotations:
Lair:2 exclusion: 3 oklob plants


Innate Abilities, Weirdness & Mutations

You reflexively headbutt those who attack you in melee.
You have a pair of horns on your head.


Message History

* * * LOW HITPOINT WARNING * * *
The oklob plant spits acid at you. The splash of acid hits you! You resist.
* * * LOW HITPOINT WARNING * * *
You are splashed with acid!
The acid burns!
You resist.
* * * LOW HITPOINT WARNING * * *
Unknown command.
The oklob plant spits acid at you. The splash of acid hits you! You resist.
* * * LOW HITPOINT WARNING * * *
The acid corrodes you!
You are splashed with acid!
The acid burns!
You resist.
* * * LOW HITPOINT WARNING * * *
The oklob plant spits acid at you. The splash of acid hits you! You resist.
* * * LOW HITPOINT WARNING * * *
The acid corrodes you!
You are splashed with acid!
The acid burns!
You resist.
* * * LOW HITPOINT WARNING * * *
The oklob plant spits acid at you. The splash of acid hits you! You resist.
You die...

####.# ###### .....## #.$P.#
....... #.....## #$.!|# .......
.......#### #PP|.# .......
..........# #.!..# .......
.........#####P..P## .....
.........###.......## ##....
..........####......###..# .
.........####...@.....#..# .##
.........# #.#.......##.####.##
........## #.#.........>##..⌠.##
.........# ##............#.....#
.......######..........###⌠.<.⌠#
..........##.....>.......#.....#
.......P.##........#####..#...#.#
...........#......## ###.##..##.
....†.........#########........##


You could see 3 oklob plants.

Vanquished Creatures
  2 hydras
  Erolcha (D:9)
  An unseen horror (D:12)
  2 orc knights (Bailey)
  The ghost of McIrco the Covered, a novice GrFi (D:7)
  An elephant (D:9)
  A centaur skeleton (D:12)
  5 spiny frogs
  A komodo dragon (Lair:1)
  2 trolls
  A hornet (D:11)
  2 hippogriffs
  Sigmund (D:3)
  25 yaks
  2 wraiths
  A wyvern (Lair:2)
  A hungry ghost (D:8)
  A basilisk (D:9)
  A steam dragon (D:8)
  Menkaure (D:7)
  2 soldier ants (D:9)
  2 porcupines
  7 water moccasins
  A black bear (D:9)
  12 orc warriors
  2 sky beasts
  4 ice beasts
  3 phantoms
  2 eyes of draining (D:3)
  2 necrophages
  9 wolves
  5 centaurs
  5 ogres
  3 crocodiles
  9 bullfrogs
  2 big kobolds
  6 scorpions
  A wyvern skeleton (D:11)
  4 killer bees (D:7)
  2 electric eels (Lair:1)
  4 howler monkeys (D:8)
  4 centaur zombies
  3 crimson imps
  2 jellies
  A bullfrog zombie (D:8)
  8 orc priests
  Crazy Yiuf (D:3)
  5 hounds
  Jessica (D:2)
  Ijyb (D:3)
  Terence (D:3)
  2 iguanas
  4 orc wizards
  6 worker ants
  4 hound skeletons
  2 mummies
  A worker ant zombie (D:3)
  13 adders
  4 gnolls (D:10)
  2 shadow imps
  3 oozes
  An adder skeleton (D:8)
  An adder zombie (D:9)
  A worm (D:3)
  4 dart slugs
  4 leopard geckos
  40 orcs
  14 bats
  2 giant cockroaches (D:7)
  10 goblins
  9 hobgoblins
  13 jackals
  2 quokkas (D:2)
  A ball python (D:4)
  5 frilled lizards
  3 gnoll skeletons (Ossuary)
  2 hobgoblin zombies (D:8)
  2 jackal skeletons
  2 jackal zombies (D:3)
  12 kobolds
  9 kobold skeletons (Ossuary)
  A leopard gecko skeleton (D:4)
  A leopard gecko zombie (D:3)
  13 orc skeletons (Ossuary)
  7 rats
367 creatures vanquished.

Vanquished Creatures (others)
  2 plants (Lair:2)
2 creatures vanquished.

Grand Total: 369 creatures vanquished

Notes
Turn   | Place    | Note
-------+----------+-------------------------------------------
     0 | D:1      | Peloso the Minotaur Fighter began the quest for the Orb.
     0 | D:1      | Reached XP level 1. HP: 19/19 MP: 0/0
    47 | D:1      | Reached XP level 2. HP: 23/27 MP: 1/1
    62 | D:1      | Reached skill level 4 in Shields
   479 | D:1      | Reached XP level 3. HP: 33/33 MP: 2/2
  1072 | D:2      | Reached XP level 4. HP: 39/40 MP: 3/3
  1129 | D:2      | You fall through a shaft for 2 floors!
  1129 | D:4      | Noticed an ogre
  1141 | D:5      | Entered Level 5 of the Dungeon
  1239 | D:4      | Reached skill level 5 in Shields
  1266 | D:4      | Noticed a phantom
  1315 | D:4      | Killed a phantom
  1315 | D:4      | Reached skill level 1 in Dodging
  1315 | D:4      | Reached XP level 5. HP: 46/46 MP: 4/4
  1318 | D:4      | Noticed a centaur
  1327 | D:4      | Killed a centaur
  1327 | D:4      | Reached XP level 6. HP: 14/53 MP: 5/5
  1555 | D:4      | Found a staircase to the Ecumenical Temple.
  1621 | D:3      | Noticed Ijyb
  1628 | D:3      | Killed Ijyb
  1876 | D:3      | Reached skill level 5 in Armour
  1876 | D:3      | Reached skill level 6 in Shields
  1993 | D:3      | Noticed Terence
  2000 | D:3      | Killed Terence
  2070 | D:3      | Found a bloodstained altar of Trog.
  2075 | D:3      | Reached skill level 5 in Long Blades
  2075 | D:3      | Reached XP level 7. HP: 60/60 MP: 0/6
  2302 | D:3      | Noticed Sigmund
  2326 | D:3      | Killed Sigmund
  2326 | D:3      | Reached skill level 5 in Fighting
  2513 | D:3      | Found a runed door.
  2629 | D:3      | Noticed Crazy Yiuf
  2636 | D:3      | Killed Crazy Yiuf
  2925 | D:2      | Noticed Jessica
  2928 | D:2      | Killed Jessica
  3575 | D:4      | Reached XP level 8. HP: 68/68 MP: 7/7
  3997 | D:5      | Reached skill level 7 in Shields
  4318 | Temple   | Entered the Ecumenical Temple
  5341 | D:6      | Found an opulent altar of Gozag.
  5668 | D:7      | Found a burning altar of Makhleb.
  5668 | D:7      | Noticed an Executioner
  5904 | D:7      | Reached skill level 8 in Shields
  5945 | D:7      | Reached XP level 9. HP: 70/75 MP: 8/8
  6034 | D:7      | Noticed Menkaure
  6038 | D:7      | Killed Menkaure
  6039 | D:7      | Found a runed gate.
  6039 | D:7      | Found a runed gate.
  6045 | D:7      | Found a runed gate.
  6053 | D:7      | Found a roughly hewn altar of Beogh.
  6060 | D:7      | Noticed McIrco's ghost (novice GrFi)
  6306 | D:8      | Found a sand-covered staircase.
  6335 | Ossuary  | Entered an ossuary
  6654 | D:8      | Found Qapryu's Magic Scroll Emporium.
  6657 | D:8      | Bought a scroll of enchant armour for 90 gold pieces
  6657 | D:8      | Bought a scroll of enchant weapon for 90 gold pieces
  6657 | D:8      | Bought a scroll of magic mapping for 42 gold pieces
  6657 | D:8      | Bought a scroll of fog for 24 gold pieces
  6763 | D:8      | Reached skill level 9 in Shields
  6764 | D:8      | Found a hazy altar of Hepliaklqana.
  6977 | D:8      | Reached skill level 10 in Long Blades
  7013 | D:8      | Found an ornate altar of the Wu Jian Council.
  7203 | D:7      | Killed McIrco's ghost
  7203 | D:7      | Reached XP level 10. HP: 46/86 MP: 2/9
  7237 | D:7      | Got a distressingly furry cloak
  7248 | D:7      | Identified the +1 cloak of the Unseen Realm {rElec Str+3}
                  | (You found it on level 7 of the Dungeon)
  7265 | D:7      | Got a bone flail {freeze}
  7265 | D:7      | Got a distressingly furry chain mail
  7287 | D:7      | Identified the +4 chain mail of the Lizard {rC+ rCorr SInv}
                  | (You took it off an orc warrior on level 7 of the Dungeon)
  7289 | D:7      | Identified the +10 flail "Jelly's Demise" {freeze, rN+
                  | Int+2} (You took it off an orc warrior on level 7 of the
                  | Dungeon)
  7727 | D:9      | Noticed Erolcha
  7742 | D:9      | Killed Erolcha
  7742 | D:9      | Reached skill level 1 in Maces & Flails
  7895 | D:9      | Found a shadowy altar of Dithmenos.
  7909 | D:9      | Found a staircase to the Lair.
  7909 | D:9      | Noticed an elephant
  7935 | D:9      | Reached skill level 10 in Shields
  7940 | D:9      | Killed an elephant
  8328 | D:9      | Got a pair of transparent gloves
  8334 | D:9      | Identified the cursed +0 pair of gloves of an ossuary {rF+}
                  | (You found it on level 9 of the Dungeon)
  8691 | D:10     | Entered Level 10 of the Dungeon
  8722 | D:10     | Reached skill level 5 in Maces & Flails
  9065 | D:10     | Got a slimy war axe
  9066 | D:10     | Identified the cursed +0 war axe "Suraora" {chop, Int+2}
                  | (You found it on level 10 of the Dungeon)
  9244 | D:11     | Found an opulent altar of Gozag.
  9413 | D:11     | Reached XP level 11. HP: 95/95 MP: 10/10
  9991 | D:11     | Found Sygiaz's Magic Scroll Boutique.
 10006 | D:11     | Bought a scroll of blinking for 97 gold pieces
 10006 | D:11     | Bought a scroll of amnesia for 45 gold pieces
 10006 | D:11     | Bought a scroll of identify for 26 gold pieces
 10089 | D:11     | You fall through a shaft!
 10130 | D:12     | Found a flagged portal.
 10130 | D:12     | Noticed a four-headed hydra
 10140 | Bailey   | Entered a bailey
 10140 | Bailey   | Noticed an orc knight
 10462 | Bailey   | Killed an orc knight
 10462 | Bailey   | Reached skill level 11 in Shields
 10896 | Bailey   | Noticed an orc knight
 10897 | Bailey   | Found the +0 sword of Power
 10916 | Bailey   | Killed an orc knight
 10933 | Bailey   | Got a brightly glowing plate armour
 10944 | Bailey   | Identified the +2 plate armour of the Mutiny {Int+2} (You
                  | found it in a bailey)
 11205 | Bailey   | Reached skill level 10 in Armour
 11256 | D:12     | Killed a four-headed hydra
 11256 | D:12     | Reached skill level 1 in Evocations
 11566 | D:12     | Found a staircase to the Orcish Mines.
 11883 | D:12     | Noticed a death knight
 11883 | D:12     | Noticed a phantasmal warrior
 11884 | D:12     | Noticed a phantasmal warrior
 11899 | D:12     | Noticed an unseen horror
 11900 | D:12     | Reached skill level 10 in Fighting
 11907 | D:12     | Killed an unseen horror
 11910 | D:12     | Reached XP level 12. HP: 53/106 MP: 11/11
 11913 | D:12     | Reached skill level 12 in Shields
 12745 | Lair:1   | Entered Level 1 of the Lair of Beasts
 12894 | Lair:1   | Noticed a five-headed hydra
 12901 | Lair:1   | Killed a five-headed hydra
 13725 | Lair:2   | Reached skill level 10 in Maces & Flails
 14075 | Lair:2   | Found a staircase to the Snake Pit.
 14145 | Lair:2   | HP: 2/107 [acid (7)]
 14145 | Lair:2   | Killed from afar by an oklob plant

Skill      XL: |  1  2  3  4  5  6  7  8  9 10 11 12 |
---------------+-------------------------------------+-----
Shields        | 4 5 6 8 9 10 11 12 | 12.5
Armour         | 4 5 7 8 9 10 11 | 11.4
Fighting       | 4 5 6 7 8 10 | 10.5
Long Blades    | 3 4 5 7 8 10 11 | 11.1
Dodging        | 1 2 3 4 |  4.5
Maces & Flails | 6 9 10 | 10.4
Evocations     | 1 |  1.2
Stealth        | |  0.1

Action                   |  1- 3 |  4- 6 |  7- 9 | 10-12 || total
-------------------------+-------+-------+-------+-------++-------
Melee: Long sword        |    99 |   114 |   471 |    11 ||   695
       Headbutt          |    11 |    30 |   113 |    92 ||   246
       Flail             |       |       |       |   437 ||   437
Evoke: Wand              |       |       |       |     6 ||     6
  Use: Scroll            |       |       |    10 |    10 ||    20
       Potion            |       |       |     2 |     4 ||     6
  Eat: Chunk             |       |     4 |    14 |    34 ||    52
       Ration            |       |       |     2 |       ||     2
Armor: Scale mail        |    50 |       |       |       ||    50
       Plate armour      |     1 |    85 |   198 |     3 ||   287
       Chain mail        |       |       |       |   216 ||   216
Dodge: Dodged            |    29 |    35 |    84 |   156 ||   304
Block: Shield            |    60 |    75 |   222 |   359 ||   716
       Rpst.: Long sword |     7 |    10 |    19 |       ||    36
